 Dungeon Crawl Stone Soup version 0.24.0-13-gcf9b3192b9 (webtiles) character file.

Game seed: 16257494665252475426, levelgen mode: classic

635 EnegeticOcto the Geomancer (level 7, -2/32 HPs)
             Began as a Vine Stalker Earth Elementalist on Nov 9, 2019.
             Was an Initiate of Cheibriados.
             Slain by a wight
             ... wielding a cursed +0 morningstar
              (3 damage)
             ... on level 7 of the Dungeon.
             The game lasted 00:08:07 (1673 turns).

EnegeticOcto the Geomancer (VSEE)                   Turns: 1673, Time: 00:08:07

Health: -2/32      AC:  2    Str: 12    XL:     7   Next: 50%
Magic:  0/11       EV: 12    Int: 18    God:    Cheibriados [......]
Gold:   140        SH:  0    Dex: 15    Spells: 4/10 levels left

rFire    . . .     SeeInvis .   h - +0 dagger
rCold    . . .     Gourm    .   (no shield)
rNeg     . . .     Faith    .   c - +0 robe
rPois    .         Spirit   +   d - +0 hat
rElec    .         Reflect  .   (no cloak)
rCorr    .         Harm     .   (no gloves)
MR       .....                  (no boots)
Stlth    ++........             (no amulet)
HPRegen  0.50/turn              (no ring)
MPRegen  0.12/turn              (no ring)

@: lightly drained, very slow
A: fangs 2, regeneration 1, magic shield, antimagic bite, no potion heal 3, rot
immunity
a: Bend Time, Renounce Religion


You were on level 7 of the Dungeon.
You worshipped Cheibriados.
Cheibriados was noncommittal.
You were hungry.

You visited 1 branch of the dungeon, and saw 7 of its levels.

You collected 140 gold pieces.

Inventory:

Hand Weapons
 h - a +0 dagger (weapon)
Missiles
 b - 75 stones
 k - 27 poisoned darts (quivered)
Armour
 c - a +0 robe (worn)
 d - a +0 hat (worn)
 r - a +0 chain mail
Wands
 q - a wand of iceblast (20)
Scrolls
 a - 2 scrolls of identify {@r1}
 j - 2 scrolls of teleportation {@r3}
 t - a scroll of fog {unknown}
Potions
 f - a potion of heal wounds {unknown}
 l - 3 potions of curing {unknown}
 m - a potion of mutation
 n - 2 potions of haste {unknown}
 o - a potion of lignification {unknown}
Comestibles
 e - 4 rations


   Skills:
 + Level 0.8(0.5) Fighting
 - Level 1.5(1.2) Dodging
 - Level 2.4(2.0) Stealth
 + Level 0.9(0.6) Unarmed Combat
 - Level 2.1(1.8) Spellcasting
 - Level 1.0(0.6) Transmutations
 + Level 8.3(7.9) Earth Magic


You had 4 spell levels left.
You knew the following spells:

 Your Spells              Type           Power        Failure   Level  Hunger
a - Sandblast             Erth           ####..       1%          1    #......
b - Stone Arrow           Conj/Erth      ###...       11%         3    ###....
p - Passwall              Tmut/Erth      ###.....     4%          2    ###....

Your spell library contained the following spells:

 Spells                   Type           Power        Failure   Level  Hunger
 Petrify                  Tmut/Erth      ###.....     32%         4    #####..
 Lee's Rapid Deconstruct  Erth           ####......   21%         5    ######.


Dungeon Overview and Level Annotations

Branches:
Dungeon (7/15)
 Temple: D:4-7

Altars:
Cheibriados
Dithmenos
Hepliaklqana
Qazlal
Xom


Innate Abilities, Weirdness & Mutations

You have extremely sharp teeth.
Your natural rate of healing is unusually fast.
When hurt, damage is shared between your health and your magic reserves.
Your bite disrupts and absorbs the magic of your enemies.
Potions cannot restore your health.
You are immune to rotting.


Message History

Cheibriados thoroughly appreciates the change of pace.
b - 83 stones
Casting: Sandblast (safe; 1% risk of failure)
Confirm with . or Enter, or press ? or * to list all spells.
Aiming: Sandblast (safe; 1% risk of failure)
Press: ? - help, Shift-Dir - straight line, f - wight
Aim: a wight, wielding a +0 morningstar and wearing a +0 robe The blast of sand hits the wight but does no damage.
b - 82 stones
Casting: Sandblast (safe; 1% risk of failure)
Confirm with . or Enter, or press ? or * to list all spells.
Aiming: Sandblast (safe; 1% risk of failure)
Press: ? - help, Shift-Dir - straight line, f/p - wight
Aim: a wight, wielding a +0 morningstar and wearing a +0 robe The blast of sand hits the wight but does no damage.
b - 81 stones
Press: ? - help, v - describe, . - travel
Here: a wight, wielding a +0 morningstar and wearing a +0 robe The floor.
Unknown command.
The wight misses you.
Casting: Sandblast (safe; 1% risk of failure)
Confirm with . or Enter, or press ? or * to list all spells.
Aiming: Sandblast (safe; 1% risk of failure)
Press: ? - help, Shift-Dir - straight line, f/p - wight
Aim: a wight, wielding a +0 morningstar and wearing a +0 robe The blast of sand misses the wight.
b - 80 stones
Casting: Sandblast (safe; 1% risk of failure)
Confirm with . or Enter, or press ? or * to list all spells.
Aiming: Sandblast (safe; 1% risk of failure)
Press: ? - help, Shift-Dir - straight line, f/p - wight
Aim: a wight, wielding a +0 morningstar and wearing a +0 robe The blast of sand hits the wight.
The wight is moderately damaged.
b - 79 stones The wight barely misses you.
You are feeling hungry.
The wight hits you with a cursed +0 morningstar.
A worker ant comes into view.
The wight barely misses you.
Found a stone staircase leading up.
The worker ant twitches its antennae in your direction.
The wight completely misses you.
The wight hits you with a cursed +0 morningstar!
The wight barely misses you.
The worker ant waves its antennae.
The worker ant barely misses you. The worker ant bites you.
The wight closely misses you. The worker ant misses you.
The wight closely misses you.
You hit the wight but do no damage. Your bite misses the wight.
The wight is moderately damaged.
The wight hits you with a cursed +0 morningstar!
Casting: Sandblast (safe; 1% risk of failure)
Confirm with . or Enter, or press ? or * to list all spells.
Aiming: Sandblast (safe; 1% risk of failure)
Press: ? - help, Shift-Dir - straight line, f/p - wight
Aim: a wight, wielding a +0 morningstar and wearing a +0 robe (moderately damaged)
The blast of sand misses the wight.
b - 78 stones The wight misses you.
Casting: Sandblast (safe; 1% risk of failure)
Confirm with . or Enter, or press ? or * to list all spells.
Aiming: Sandblast (safe; 1% risk of failure)
Press: ? - help, Shift-Dir - straight line, f/p - wight
Aim: a wight, wielding a +0 morningstar and wearing a +0 robe (moderately damaged)
The blast of sand hits the wight.
The wight is severely damaged.
b - 77 stones You hit the wight but do no damage.
You bite the wight. You drain its power.
You feel invigorated.
The wight is severely damaged.
The wight hits you with a cursed +0 morningstar.
You hit the wight. You bite the wight, but do no damage.
The wight is almost destroyed.
The wight closely misses you.
The worker ant waves its antennae.
Casting: Sandblast (safe; 1% risk of failure)
Confirm with . or Enter, or press ? or * to list all spells.
Aiming: Sandblast (safe; 1% risk of failure)
Press: ? - help, Shift-Dir - straight line, f/p - wight
Aim: a wight, wielding a +0 morningstar and wearing a +0 robe (almost destroyed)
The blast of sand hits the wight but does no damage.
The wight is almost destroyed.
b - 76 stones The wight completely misses you.
Casting: Sandblast (safe; 1% risk of failure)
Confirm with . or Enter, or press ? or * to list all spells.
Aiming: Sandblast (safe; 1% risk of failure)
Press: ? - help, Shift-Dir - straight line, f/p - wight
Aim: a wight, wielding a +0 morningstar and wearing a +0 robe (almost destroyed)
The blast of sand hits the wight but does no damage.
The wight is almost destroyed.
b - 75 stones The wight hits you with a cursed +0 morningstar!
* * * LOW HITPOINT WARNING * * *
You feel drained.
You die...

##...............
#####.......#.####
#.............
###+#.......###.#
#...........#
#....>.....†#
...)..........# ##
......#####...######
.####.#### ......
###.az@..###......
..## ..[...
######....###### #...
......
........##......###.##
......
#######...............
###########.....
####.. #.. #.. ###


You could see a worker ant and a wight.

Vanquished Creatures
  A water moccasin (D:6)
  An ice beast (D:6)
  3 scorpions
  A bullfrog zombie (D:5)
  2 crimson imps (D:5)
  A hound (D:6)
  An iguana (D:7)
  A worker ant (D:4)
  A hound zombie (D:5)
  2 worker ant zombies
  3 adders
  An adder skeleton (D:5)
  A worm (D:5)
  2 dart slugs (D:3)
  3 leopard geckos
  3 orcs
  3 giant cockroaches
  2 goblins
  5 hobgoblins
  4 kobolds
  A quokka (D:7)
  2 bats (D:1)
  6 frilled lizards
  2 rats
52 creatures vanquished.

Notes
Turn   | Place    | Note
-------+----------+-------------------------------------------
     0 | D:1      | EnegeticOcto the Vine Stalker Earth Elementalist began the
                  | quest for the Orb.
     0 | D:1      | Reached XP level 1. HP: 9/9 MP: 4/4
   111 | D:1      | Reached XP level 2. HP: 13/13 MP: 4/6
   273 | D:2      | Reached skill level 4 in Earth Magic
   291 | D:2      | Reached XP level 3. HP: 16/16 MP: 3/7
   392 | D:2      | Learned a level 2 spell: Passwall
   396 | D:2      | Learned a level 3 spell: Stone Arrow
   400 | D:2      | Found a stormy altar of Qazlal.
   400 | D:2      | Found a shadowy altar of Dithmenos.
   798 | D:4      | Reached skill level 5 in Earth Magic
   798 | D:4      | Gained mutation: Your natural rate of healing is unusually
                  | fast. [Vine Stalker growth]
   798 | D:4      | Reached XP level 4. HP: 18/21 MP: 1/8
   895 | D:4      | Reached XP level 5. HP: 17/24 MP: 3/9
   908 | D:4      | Found a shimmering altar of Xom.
   909 | D:4      | Found a hazy altar of Hepliaklqana.
   909 | D:4      | Noticed a thorn hunter
   910 | D:4      | Noticed a spectral ugly thing
   910 | D:4      | Noticed a thorn hunter
   940 | D:5      | Entered Level 5 of the Dungeon
  1017 | D:5      | Reached skill level 6 in Earth Magic
  1048 | D:5      | Reached XP level 6. HP: 23/28 MP: 3/10
  1101 | D:6      | Noticed a water moccasin
  1106 | D:6      | Noticed an ice beast
  1115 | D:6      | Killed a water moccasin
  1115 | D:6      | Reached skill level 7 in Earth Magic
  1206 | D:6      | Killed an ice beast
  1206 | D:6      | Reached XP level 7. HP: 19/32 MP: 0/11
  1312 | D:6      | Reached skill level 8 in Earth Magic
  1400 | D:7      | Found a snail-covered altar of Cheibriados.
  1407 | D:7      | Became a worshipper of Cheibriados the Contemplative
  1673 | D:7      | HP: 1/32 [wight/cursed +0 morningstar (13)]
  1673 | D:7      | Slain by a wight

Levels and vault maps discovered:
D:1:      scummos_arrival_hexagon, layout_loops_cross, minmay_hedge_maze
D:2:      layout_basic, nicolae_overflow_hidden_temple, lemuel_doored_altar,
          chequers_ecumenical_altar_lobes, first_ration, uniq_natasha
D:3:      layout_loops_corners, gammafunk_temple_overflow_arena
D:4:      layout_basic, regret_index_temple_of_mockery,
          minmay_temple_entry_ruins
D:5:      wander_guarded_unrand_ratskin, layout_loops_ring,
          lemuel_coloured_pillars_altar, chequers_serial_rivers_small_b,
          uniq_duvessa
D:6:      layout_loops_corners, gammafunk_ghost_hive, minmay_crossroads
D:7:      layout_rooms, led_sif_book, cheibriados_altar_1, serial_shops,
          kennysheep_mini, the_bakery

Skill      XL: |  1  2  3  4  5  6  7 |
---------------+----------------------+-----
Earth Magic    | 4 5 6 7 8 |  8.3
Fighting       | |  0.8
Dodging        | |  1.5
Stealth        | |  2.4
Unarmed Combat | |  0.9
Spellcasting   | |  2.1
Transmutations | |  1.0

Action                   |  1- 3 |  4- 6 |  7- 9 || total
-------------------------+-------+-------+-------++-------
Melee: Unarmed           |     6 |       |       ||     6
       Bite              |    18 |     6 |     6 ||    30
       Dagger            |    69 |    27 |    18 ||   114
Throw: Dart              |       |     4 |       ||     4
       Stone             |       |     1 |       ||     1
 Cast: Sandblast         |    27 |    33 |    19 ||    79
       Passwall          |     3 |       |     2 ||     5
       Stone Arrow       |       |     2 |     2 ||     4
  Use: Scroll            |       |       |     5 ||     5
 Stab: Sleeping          |     3 |     1 |       ||     4
  Eat: Chunk             |       |     1 |     3 ||     4
Armor: Robe              |    20 |     8 |     2 ||    30
Dodge: Dodged            |    60 |    28 |    22 ||   110
